Map: Old Estate

Players

RedHoodlum - Winner!

  • Race: Protoss Protoss
  • Spawn Location: 1:00

Homer - Winner!

  • Race: Protoss Protoss
  • Spawn Location: 3:00

A.I. 2 (Elite)

  • Race: Zerg Zerg
  • Spawn Location: 9:00

A.I. 3 (Elite)

  • Race: Protoss Protoss
  • Spawn Location: 7:00

A.I. 4 (Hard)

  • Race: Zerg Zerg
  • Spawn Location: 7:00

A.I. 5 (Hard)

  • Race: Protoss Protoss
  • Spawn Location: 7:00

VOD

Have the link to the VOD?

Description

Time

  • Played on: Dec. 28, 2019, 2:01 p.m.
  • Length: 21:15
Show
View Real Time Build Order
Export as new Build Order

RedHoodlum Protoss - Winner!

Build Orders:  

Get SALT Encoding   

  12  0:01  Probe  
  13  0:13  Probe  
  14  0:25  Probe, Pylon  
  15  0:36  Assimilator  
  15  0:47  Forge  
  15  0:48  Probe (Chrono Boost)  
  16  1:00  Probe (Chrono Boost)  
  17  1:05  Probe (Chrono Boost)  
  18  1:14  Probe  
  18  1:17  Gateway  
  19  1:26  Probe  
  20  1:36  Photon Cannon  
  20  1:38  Probe  
  21  1:49  Pylon  
  21  1:50  Probe  
  22  2:02  Probe  
  23  2:10  Photon Cannon  
  23  2:15  Probe (Chrono Boost), Cybernetics Core  
  24  2:25  Pylon  
  24  2:28  Probe (Chrono Boost)  
  24  2:29  Assimilator  
  25  2:33  Protoss Shields Level 1 (Chrono Boost)  
  25  2:38  Probe  
  26  2:50  Probe  
  27  2:53  Shield Battery  
  27  2:58  Photon Cannon  
  27  3:02  Probe, Shield Battery  
  28  3:15  Probe  
  29  3:25  Nexus  
  29  3:30  Probe  
  30  3:43  Probe  
  30  3:46  Gateway  
  31  3:51  Twilight Council  
  31  3:55  Adept  
  31  4:01  Probe  
  34  4:14  Probe  
  35  4:18  Robotics Facility  
  35  4:24  Protoss Ground Armor Level 1 (Chrono Boost)  
  35  4:26  Probe  
  35  4:29  Pylon  
  36  4:38  Warp Gate (Chrono Boost), Probe  
  37  4:39  Resonating Glaives  
  37  4:47  Stalker (Chrono Boost)  
  37  4:50  Probe  
  42  4:55  Probe  
  42  4:56  Stalker (Chrono Boost)  
  43  5:02  Probe  
  43  5:05  Assimilator  
  44  5:08  Probe  
  44  5:10  Assimilator  
  45  5:33  Probe x2  
  47  5:45  Probe  
  48  5:53  Photon Cannon  
  48  5:54  Photon Cannon  
  48  5:57  Photon Cannon  
  48  6:08  Shield Battery  
  48  6:16  Photon Cannon  
  48  6:17  Immortal (Chrono Boost)  
  48  6:19  Blink  
  52  6:26  Robotics Facility  
  52  6:33  Protoss Ground Weapons Level 1 (Chrono Boost), Robotics Bay  
  52  6:42  Forge  
  52  7:00  Immortal  
  56  7:04  Probe x2  
  58  7:16  Probe  
  58  7:17  Probe  
  60  7:28  Probe  
  60  7:29  Probe  
  62  7:31  Nexus  
  62  7:33  Pylon  
  62  7:35  Pylon  
  62  7:36  Pylon  
  62  7:43  Pylon  
  62  7:51  Probe, Observer  
  62  7:57  Assimilator, Stalker  
  72  7:58  Colossus (Chrono Boost), Stalker  
  72  8:01  Assimilator  
  72  8:05  Gateway x2  
  74  8:08  Gateway  
  74  8:11  Gateway  
  74  8:13  Gateway  
  74  8:17  Gateway  
  74  8:19  Gateway  
  74  8:20  Protoss Shields Level 2 (Chrono Boost)  
  74  8:26  Protoss Ground Armor Level 2 (Chrono Boost)  
  74  8:29  Colossus (Chrono Boost)  
  80  8:39  Extended Thermal Lance  
  80  8:50  Probe x3  
  83  9:02  Probe x2  
  85  9:05  Nexus  
  85  9:07  Pylon  
  85  9:08  Pylon  
  85  9:11  Assimilator  
  85  9:14  Pylon  
  85  9:15  Assimilator  
  89  9:26  Stalker  
  89  9:28  Immortal (Chrono Boost)  
  89  9:29  Stalker  
  91  9:40  Colossus (Chrono Boost)  
  97  9:58  Probe x3  
  100  10:03  Colossus  
  100  10:05  Stalker x2  
  100  10:06  Stalker  
  112  10:07  Stalker  
  112  10:10  Probe x2  
  117  10:16  Stalker  
  119  10:22  Probe  
  120  10:35  Probe  
  120  10:38  Nexus  
  120  10:41  Pylon  
  120  10:42  Pylon  
  120  10:44  Immortal  
  120  10:45  Protoss Shields Level 3 (Chrono Boost)  
  120  10:46  Protoss Ground Armor Level 3 (Chrono Boost)  
  124  10:59  Charge  
  124  11:19  Shield Battery x2  
  124  11:21  Colossus, Shield Battery  
  124  11:23  Shield Battery  
  130  11:27  Stalker x2  
  130  11:28  Stalker  
  130  11:29  Stalker x2  
  140  11:40  Stalker x3  
  140  11:41  Stalker  
  148  11:57  Stalker x2  
  148  11:58  Stalker x3  
  158  12:05  Colossus  
  164  12:10  Probe x2  
  164  12:11  Probe x2  
  168  12:23  Photon Cannon  
  168  12:32  Stalker x2  
  168  12:33  Stalker x3  
  176  12:45  Pylon  
  176  12:50  Pylon  
  176  12:53  Pylon  
  176  13:02  Colossus  
  186  13:05  Immortal  
  186  13:12  Stalker x4  
  194  13:14  Stalker  
  196  13:26  Protoss Ground Weapons Level 2 (Chrono Boost)  
  196  13:41  Photon Cannon  
  196  13:42  Photon Cannon  
  196  13:54  Gateway  
  196  14:00  Gateway  
  196  14:02  Assimilator  
  196  14:06  Stalker x2  
  196  14:08  Assimilator  
  179  14:45  Stalker x7  
  181  14:46  Stalker x2  
  181  14:49  Stalker  
  165  15:38  Stalker x4  
  165  15:39  Photon Cannon, Stalker x3  
  165  15:40  Photon Cannon  
  165  15:41  Colossus  
  165  15:42  Colossus  
  191  16:01  Nexus  
  191  16:05  Stargate  
  191  16:09  Dark Shrine  
  191  16:11  Templar Archives  
  191  16:35  Pylon  
  191  16:36  Observer, Pylon  
  192  16:59  Photon Cannon  
  192  17:00  Photon Cannon  
  192  17:02  Photon Cannon  
  192  17:03  Photon Cannon  
  192  17:08  Nexus  
  192  17:10  Protoss Ground Weapons Level 3 (Chrono Boost)  
  188  17:26  Colossus  
  188  17:27  Colossus  
  188  17:29  Stalker x2  
  184  17:30  Stalker x6  
  184  17:31  Stalker x2  
  194  18:00  Pylon  
  194  18:01  Pylon  
  194  18:04  Pylon  
  194  18:35  Dark Templar x3  
  194  18:36  Shadow Stride  
  194  18:37  Psionic Storm  
  194  18:40  Nexus  
  200  18:44  Nexus  
  199  18:55  Fleet Beacon  
  199  19:03  Pylon  
  199  19:05  Pylon  
  197  19:44  Dark Templar  
  199  19:49  Photon Cannon  
  199  19:50  Photon Cannon  
  199  19:51  Photon Cannon  
  199  19:53  Photon Cannon  
  199  19:56  Photon Cannon  
  199  20:00  Photon Cannon  
  199  20:02  Pylon  
  199  20:24  Assimilator  
  199  20:28  Assimilator  
  199  20:31  Photon Cannon  
  199  20:33  Photon Cannon  
  199  20:36  Photon Cannon  
  199  20:38  Photon Cannon  
  199  20:40  Photon Cannon  
  199  20:42  Photon Cannon  
Show
View Real Time Build Order
Export as new Build Order

Homer Protoss - Winner!

Build Orders: Cannon Rush, Carriers 

Get SALT Encoding   

  12  0:04  Probe  
  13  0:17  Pylon  
  13  0:18  Probe (Chrono Boost)  
  14  0:29  Probe (Chrono Boost)  
  15  0:41  Gateway  
  15  0:43  Probe  
  16  0:53  Assimilator  
  16  0:55  Probe  
  17  1:08  Probe (Chrono Boost)  
  18  1:14  Pylon  
  18  1:16  Forge  
  18  1:21  Probe (Chrono Boost)  
  19  1:32  Probe  
  20  1:44  Probe  
  21  1:52  Photon Cannon  
  21  1:54  Photon Cannon  
  21  1:59  Photon Cannon  
  21  2:00  Probe  
  22  2:27  Nexus  
  22  2:30  Probe (Chrono Boost)  
  23  2:38  Assimilator  
  23  2:56  Probe  
  24  3:10  Photon Cannon  
  24  3:12  Pylon  
  24  3:24  Cybernetics Core  
  24  3:32  Probe (Chrono Boost)  
  24  3:33  Pylon  
  26  3:42  Probe (Chrono Boost)  
  26  3:46  Probe (Chrono Boost)  
  27  3:50  Probe (Chrono Boost)  
  28  3:56  Assimilator  
  28  4:00  Photon Cannon  
  28  4:07  Pylon  
  28  4:09  Probe x2  
  30  4:20  Stargate  
  30  4:21  Probe x2  
  32  4:27  Stargate  
  32  4:33  Pylon  
  32  4:37  Stargate  
  32  4:39  Protoss Shields Level 1  
  32  4:42  Probe (Chrono Boost)  
  32  4:44  Probe (Chrono Boost)  
  35  4:53  Probe (Chrono Boost)  
  35  4:54  Probe (Chrono Boost), Shield Battery  
  36  5:01  Photon Cannon  
  36  5:03  Photon Cannon  
  36  5:08  Shield Battery  
  36  5:20  Void Ray  
  40  5:27  Probe (Chrono Boost)  
  42  5:32  Probe (Chrono Boost)  
  43  5:37  Probe (Chrono Boost)  
  43  5:38  Assimilator  
  43  5:41  Probe (Chrono Boost)  
  44  5:47  Photon Cannon  
  44  5:50  Photon Cannon  
  44  5:58  Shield Battery  
  44  6:01  Photon Cannon  
  44  6:03  Probe (Chrono Boost)  
  46  6:07  Probe (Chrono Boost)  
  46  6:14  Probe (Chrono Boost)  
  46  6:18  Probe (Chrono Boost), Void Ray x2  
  56  6:30  Void Ray  
  60  6:46  Fleet Beacon  
  60  6:50  Pylon  
  60  7:04  Nexus  
  60  7:06  Assimilator  
  60  7:09  Void Ray  
  64  7:19  Probe (Chrono Boost)  
  64  7:20  Probe (Chrono Boost)  
  68  7:30  Probe x2 (Chrono Boost)  
  68  7:34  Twilight Council  
  68  7:38  Void Ray x2  
  76  7:54  Void Ray  
  76  7:56  Protoss Air Armor Level 1 (Chrono Boost)  
  80  8:04  Stargate  
  80  8:07  Stargate  
  80  8:11  Pylon  
  80  8:25  Void Ray  
  84  8:31  Probe (Chrono Boost)  
  85  8:40  Probe (Chrono Boost)  
  86  8:45  Probe (Chrono Boost)  
  87  8:49  Assimilator  
  87  8:50  Void Ray  
  87  8:51  Void Ray  
  87  8:54  Unknown  
  95  9:03  Void Ray  
  95  9:08  Probe (Chrono Boost)  
  101  9:18  Probe (Chrono Boost)  
  101  9:23  Probe (Chrono Boost)  
  101  9:30  Nexus  
  102  9:34  Pylon  
  102  9:36  Pylon  
  102  9:41  Assimilator  
  102  9:46  Assimilator  
  102  9:52  Photon Cannon  
  102  9:59  Photon Cannon  
  118  10:04  Mothership  
  110  10:32  Carrier x2  
  122  10:42  Carrier x2  
  134  11:02  Nexus  
  134  11:06  Assimilator  
  134  11:11  Assimilator, Carrier  
  140  11:14  Pylon, Protoss Shields Level 2 (Chrono Boost)  
  140  11:22  Stargate  
  140  11:39  Protoss Air Armor Level 2 (Chrono Boost)  
  140  11:49  Cybernetics Core  
  140  12:02  Carrier  
  146  12:14  Carrier  
  152  12:23  Pylon  
  152  12:25  Pylon  
  152  12:27  Pylon  
  152  12:30  Pylon x2  
  152  12:32  Pylon  
  152  12:41  Probe (Chrono Boost)  
  153  12:47  Probe (Chrono Boost)  
  155  12:51  Probe (Chrono Boost)  
  155  12:55  Probe (Chrono Boost)  
  155  12:58  Probe (Chrono Boost)  
  157  13:00  Probe (Chrono Boost)  
  157  13:04  Protoss Air Weapons Level 1 (Chrono Boost)  
  158  13:08  Carrier  
  164  13:19  Stargate  
  164  13:24  Stargate  
  164  13:25  Stargate  
  164  13:28  Stargate  
  164  13:32  Pylon  
  164  13:40  Carrier  
  170  13:47  Protoss Shields Level 3 (Chrono Boost)  
  170  14:08  Protoss Air Armor Level 3 (Chrono Boost)  
  170  14:31  Carrier x2  
  182  14:56  Void Ray, Carrier x2  
  198  16:14  Protoss Air Weapons Level 2 (Chrono Boost)  
  190  17:46  Void Ray x2  
  190  19:24  Void Ray x2  
Show
View Real Time Build Order
Export as new Build Order

A.I. 2 (Elite) Zerg 

Build Orders: Pool First 

Get SALT Encoding   

  12  0:01  Drone  
  13  0:13  Overlord  
  13  0:18  Drone  
  14  0:31  Drone x2  
  14  0:34  Drone  
  17  0:48  Spawning Pool  
  17  0:50  Drone  
  17  1:11  Hatchery  
  17  1:15  Drone  
  17  1:18  Extractor  
  17  1:20  Drone  
  17  1:24  Extractor  
  16  1:26  Drone  
  16  1:31  Drone  
  18  1:39  Drone  
  19  1:49  Overlord  
  19  1:59  Queen  
  21  2:05  Zergling x2  
  22  2:11  Drone  
  23  2:24  Queen  
  25  2:31  Drone  
  26  2:37  Drone  
  26  2:42  Drone  
  28  2:47  Drone  
  29  3:01  Roach Warren  
  29  3:02  Drone  
  29  3:05  Drone  
  30  3:09  Zergling x2  
  30  3:12  Zergling x2  
  32  3:18  Overlord  
  32  3:21  Drone  
  32  3:23  Drone  
  34  3:40  Roach  
  36  3:43  Roach x2  
  36  3:44  Roach  
  42  3:48  Lair  
  42  3:53  Overlord  
  42  3:58  Overlord  
  42  4:01  Zergling x2  
  43  4:03  Zergling x2  
  44  4:11  Zergling x2, Drone x2  
  44  4:13  Drone  
  44  4:16  Drone  
  49  4:18  Drone  
  49  4:23  Overlord  
  50  4:27  Roach  
  50  4:31  Roach  
  54  4:34  Roach  
  54  4:37  Roach  
  58  4:41  Overlord  
  58  4:48  Drone  
  58  4:50  Drone  
  58  4:52  Drone, Hydralisk Den  
  60  4:55  Roach  
  60  4:58  Roach  
  64  5:05  Drone  
  65  5:07  Drone  
  65  5:11  Overlord  
  65  5:13  Drone  
  67  5:16  Drone  
  67  5:17  Drone  
  67  5:20  Drone  
  67  5:21  Hydralisk  
  70  5:22  Hydralisk  
  70  5:27  Hydralisk  
  76  5:31  Overlord  
  76  5:32  Drone  
  76  5:34  Drone  
  73  5:38  Zergling x2, Drone  
  73  5:39  Zergling x2  
  73  5:41  Drone  
  68  5:45  Drone  
  68  5:49  Drone  
  70  5:54  Roach, Drone  
  70  5:55  Infestation Pit  
  70  5:56  Drone  
  73  5:59  Roach  
  73  6:01  Roach  
  77  6:06  Zergling x2  
  77  6:09  Roach x2  
  77  6:10  Overlord  
  82  6:13  Roach  
  82  6:18  Roach  
  86  6:23  Roach  
  88  6:29  Roach, Overlord  
  88  6:30  Roach  
  92  6:34  Roach  
  92  6:39  Roach  
  96  6:41  Infestor  
  96  6:44  Hatchery, Infestor  
  99  6:48  Roach  
  99  6:49  Overlord  
  99  6:50  Roach  
  103  6:55  Hive  
  103  7:04  Spire  
  103  7:06  Extractor  
  101  7:10  Extractor  
  101  7:11  Drone  
  101  7:12  Overlord  
  101  7:19  Drone  
  102  7:29  Drone  
  103  7:30  Drone  
  103  7:31  Drone  
  103  7:33  Drone  
  103  7:34  Overlord  
  103  7:35  Drone x2  
  108  7:47  Evolution Chamber, Drone  
  108  7:53  Evolution Chamber  
  108  7:58  Drone  
  108  7:59  Drone x2  
  108  8:00  Drone  
  108  8:01  Drone  
  108  8:02  Drone  
  108  8:03  Drone x2  
  108  8:04  Drone  
  108  8:05  Drone  
  117  8:06  Drone  
  117  8:07  Overlord  
  117  8:08  Overseer  
  117  8:13  Extractor  
  117  8:14  Zerg Missile Weapons Level 1, Zergling x2  
  117  8:16  Hydralisk  
  117  8:17  Drone, Corruptor, Greater Spire  
  117  8:18  Hydralisk  
  100  8:22  Hydralisk  
  100  8:23  Zergling x2  
  100  8:24  Roach  
  100  8:25  Roach  
  79  8:28  Roach, Drone  
  82  8:36  Roach  
  82  8:38  Roach  
  82  8:39  Drone  
  87  8:47  Drone  
  88  8:48  Drone  
  88  8:49  Roach, Drone  
  88  8:50  Roach, Drone  
  88  8:51  Extractor  
  88  8:54  Zergling x2  
  88  8:55  Zergling x4  
  97  8:58  Zergling x2  
  97  9:00  Roach, Infestor  
  102  9:09  Drone  
  103  9:11  Drone  
  103  9:12  Drone  
  105  9:19  Infestor  
  105  9:20  Drone  
  105  9:21  Roach  
  105  9:22  Drone  
  105  9:23  Roach, Drone  
  114  9:27  Zergling x4  
  114  9:28  Zergling x2  
  117  9:31  Zergling x2  
  117  9:32  Roach  
  117  9:34  Roach  
  122  9:42  Roach  
  122  9:43  Roach  
  122  9:44  Overlord  
  126  9:52  Roach x2  
  130  9:53  Roach  
  130  9:54  Roach  
  130  9:55  Roach  
  130  9:56  Mutalisk  
  130  9:58  Hydralisk, Drone  
  130  9:59  Roach  
  143  10:04  Mutalisk, Overlord  
  143  10:06  Mutalisk  
  147  10:15  Mutalisk  
  147  10:16  Mutalisk  
  147  10:17  Mutalisk  
  153  10:23  Mutalisk  
  153  10:24  Mutalisk, Overlord  
  153  10:25  Mutalisk  
  153  10:26  Mutalisk, Overseer  
  161  10:29  Overseer  
  161  10:36  Pneumatized Carapace  
  161  10:42  Mutalisk  
  163  10:44  Overlord  
  163  10:49  Mutalisk  
  165  10:54  Mutalisk  
  167  10:59  Mutalisk  
  167  11:01  Evolution Chamber  
  167  11:02  Overlord  
  168  11:07  Corruptor  
  170  11:12  Corruptor  
  172  11:22  Overlord  
  172  11:25  Mutalisk  
  166  11:31  Mutalisk  
  162  11:37  Mutalisk  
  154  11:41  Zergling x2  
  154  11:43  Mutalisk  
  154  11:45  Hatchery  
  155  11:51  Hydralisk  
  155  11:53  Hydralisk, Roach  
  157  11:57  Mutalisk  
  157  12:01  Overseer  
  161  12:06  Mutalisk  
  163  12:16  Brood Lord  
  163  12:17  Overlord  
  165  12:26  Brood Lord  
  167  12:31  Corruptor  
  167  12:34  Hydralisk  
  171  12:39  Overlord  
  171  12:40  Hydralisk  
  173  12:54  Ultralisk Cavern  
  172  12:59  Drone  
  172  13:00  Drone  
  172  13:01  Drone  
  172  13:03  Drone x2  
  177  13:09  Mutalisk  
  179  13:15  Mutalisk  
  181  13:21  Mutalisk  
  181  13:25  Extractor  
  182  13:28  Mutalisk, Drone  
  182  13:30  Spine Crawler  
  182  13:32  Drone  
  182  13:33  Mutalisk  
  187  13:34  Spine Crawler  
  187  13:37  Drone  
  187  13:38  Spine Crawler  
  186  13:41  Drone  
  186  13:42  Ultralisk, Spine Crawler  
  186  13:43  Drone  
  186  13:46  Ultralisk  
  186  13:47  Spine Crawler  
  198  13:49  Drone  
  198  13:50  Extractor  
  198  13:53  Drone  
  198  13:54  Spine Crawler  
  198  13:56  Drone  
  199  14:17  Hydralisk  
  199  14:18  Hydralisk  
  197  14:32  Spore Crawler  
  197  14:33  Zergling x2  
  197  14:35  Drone  
  197  14:38  Zergling x4  
  159  14:39  Zergling x2, Spore Crawler  
  159  14:41  Zergling x2  
  159  14:42  Drone  
  159  14:43  Roach  
  159  14:44  Corruptor  
  120  14:45  Roach  
  120  14:46  Hydralisk  
  120  14:47  Roach, Overseer  
  120  14:48  Roach, Corruptor  
  120  14:49  Roach, Spore Crawler  
  120  14:50  Zergling x2  
  120  14:51  Overlord, Drone  
  120  14:52  Zergling x4  
  125  14:53  Zergling x2  
  125  14:54  Roach, Zergling x2  
  125  14:55  Roach x2, Spore Crawler  
  125  14:57  Drone  
  125  14:58  Spine Crawler  
  125  14:59  Roach  
  134  15:09  Drone  
  134  15:11  Overlord  
  134  15:13  Roach  
  134  15:14  Roach  
  139  15:15  Roach  
  141  15:25  Roach, Brood Lord  
  144  15:29  Overlord, Drone  
  144  15:30  Corruptor  
  144  15:32  Brood Lord, Corruptor  
  151  15:48  Roach  
  151  15:49  Overlord  
  151  15:50  Overseer  
  151  15:51  Roach, Spine Crawler  
  151  15:52  Roach  
  151  15:53  Roach x2  
  151  15:55  Drone  
  151  15:56  Roach  
  152  15:57  Spore Crawler  
  152  16:02  Spore Crawler  
  148  16:07  Drone  
  148  16:08  Overlord  
  148  16:09  Drone  
  148  16:12  Drone  
  148  16:13  Spore Crawler  
  148  16:14  Drone  
  148  16:15  Drone  
  148  16:17  Roach  
  142  16:18  Zergling x2  
  142  16:19  Hydralisk  
  142  16:21  Zergling x2  
  142  16:23  Hydralisk  
  142  16:25  Hydralisk  
  111  16:27  Spore Crawler, Drone  
  111  16:29  Drone  
  111  16:31  Drone  
  113  16:33  Drone  
  113  16:34  Overseer  
  113  16:36  Zergling x2  
  113  16:39  Zergling x2  
  103  16:41  Corruptor  
  103  16:44  Corruptor  
  103  16:46  Zergling x2  
  101  16:49  Zergling x2  
  101  16:52  Roach  
  101  16:53  Roach  
  101  16:54  Roach  
  108  16:55  Roach x2  
  108  16:56  Roach  
  108  16:58  Roach  
  108  17:00  Roach  
  118  17:06  Roach  
  120  17:09  Roach  
  120  17:11  Roach  
  118  17:18  Zergling x2  
  118  17:22  Zergling x2  
  100  17:25  Hydralisk, Zergling x2  
  100  17:26  Hydralisk  
  100  17:27  Corruptor  
  100  17:29  Zergling x2, Corruptor  
  91  17:30  Zergling x2  
  91  17:31  Zergling x2  
  91  17:32  Hydralisk  
  91  17:34  Zergling x2  
  93  17:41  Zergling x2  
  94  17:45  Zergling x2  
  94  17:47  Zergling x2  
  94  17:49  Zergling x2  
  94  17:50  Roach, Overseer  
  80  17:52  Roach  
  80  17:54  Roach  
  80  17:55  Roach  
  80  17:56  Roach, Zergling x2  
  80  17:57  Zergling x2  
  80  17:58  Zergling x2  
  87  18:02  Roach  
  82  18:07  Zergling x2  
  82  18:08  Hydralisk  
  82  18:12  Hydralisk  
  80  18:16  Corruptor  
  70  18:21  Zergling x2  
  70  18:23  Zergling x2  
  70  18:27  Zergling x2  
  75  18:28  Zergling x2  
  75  18:29  Zergling x2  
  75  18:30  Zergling x2  
  75  18:32  Lair  
  63  18:34  Hydralisk  
  63  18:41  Drone  
  57  18:45  Drone  
  56  18:51  Drone  
  56  18:55  Overlord  
  32  19:30  Hatchery  
  18  19:40  Overlord  
  18  19:51  Spire  
Show
View Real Time Build Order
Export as new Build Order

A.I. 3 (Elite) Protoss 

Build Orders:  

Get SALT Encoding   

  12  0:01  Probe  
  13  0:13  Probe  
  14  0:22  Pylon  
  14  0:25  Probe  
  15  0:36  Probe  
  16  0:44  Probe  
  16  0:47  Assimilator  
  17  0:52  Gateway  
  17  0:53  Probe  
  18  1:01  Probe, Pylon  
  18  1:09  Probe  
  20  1:20  Probe  
  21  1:32  Probe  
  22  1:41  Zealot  
  22  1:42  Cybernetics Core  
  22  1:44  Probe  
  25  2:01  Nexus  
  25  2:14  Gateway  
  25  2:20  Pylon  
  25  2:23  Zealot  
  25  2:28  Probe  
  28  2:30  Warp Gate  
  28  2:40  Assimilator, Probe  
  29  2:47  Adept  
  31  2:52  Probe  
  31  2:55  Adept  
  32  3:04  Probe  
  35  3:10  Adept  
  35  3:11  Pylon  
  35  3:16  Probe  
  38  3:21  Stalker  
  40  3:33  Probe  
  41  3:40  Stalker  
  43  3:43  Probe, Gateway  
  44  3:51  Probe, Stalker  
  47  4:00  Probe  
  47  4:02  Stalker  
  48  4:03  Probe  
  49  4:11  Probe  
  49  4:13  Probe  
  53  4:19  Probe  
  54  4:25  Probe  
  54  4:29  Stalker  
  54  4:30  Probe  
  57  4:37  Probe, Stalker  
  61  4:44  Pylon  
  61  4:51  Pylon  
  61  5:02  Probe x2, Stalker  
  61  5:03  Stalker  
  61  5:06  Gateway  
  67  5:09  Stalker  
  67  5:12  Probe  
  69  5:14  Probe  
  69  5:20  Probe  
  71  5:22  Pylon  
  71  5:25  Pylon, Stalker  
  71  5:26  Probe  
  71  5:27  Stalker  
  77  5:29  Probe  
  78  5:40  Probe, Stalker  
  78  5:41  Probe  
  82  5:48  Pylon, Stalker  
  82  5:49  Sentry  
  86  5:51  Twilight Council  
  86  5:52  Probe  
  86  5:53  Probe  
  76  6:01  Sentry  
  76  6:03  Zealot  
  73  6:04  Probe  
  69  6:11  Zealot  
  69  6:13  Assimilator  
  69  6:17  Assimilator  
  71  6:21  Zealot  
  73  6:31  Templar Archives  
  73  6:39  Zealot x3  
  79  6:41  Zealot  
  81  6:57  Adept, Pylon  
  81  6:58  Nexus  
  81  6:59  Zealot x2  
  87  7:01  Zealot  
  89  7:14  Robotics Facility  
  89  7:17  High Templar  
  89  7:19  Zealot  
  89  7:20  Zealot  
  89  7:22  Zealot  
  97  7:23  Pylon  
  97  7:35  Zealot  
  99  7:39  Zealot  
  99  7:41  Forge  
  99  7:42  Zealot, Stalker  
  105  7:50  Pylon, Zealot  
  107  8:00  Adept, Zealot  
  107  8:02  Forge  
  107  8:04  Observer  
  107  8:05  Zealot  
  114  8:09  Protoss Ground Weapons Level 1  
  114  8:10  Stalker  
  114  8:11  Probe  
  114  8:12  Probe  
  118  8:13  Probe, Psionic Storm  
  118  8:16  Pylon  
  118  8:17  Zealot  
  121  8:20  High Templar  
  121  8:21  Probe  
  121  8:23  Probe  
  121  8:25  Probe, Protoss Ground Armor Level 1  
  126  8:29  Probe  
  126  8:34  Robotics Bay  
  127  8:35  Probe  
  127  8:39  Probe  
  127  8:41  Probe  
  129  8:44  Pylon  
  129  8:46  Probe  
  131  8:49  High Templar  
  131  8:51  Probe  
  131  8:52  Assimilator, Stalker x2  
  134  8:58  Assimilator, Probe  
  134  8:59  Probe  
  134  9:00  Stalker x2  
  136  9:03  Probe  
  136  9:04  Archon  
  136  9:05  High Templar  
  136  9:09  Pylon  
  139  9:15  Probe  
  140  9:21  Probe, Colossus  
  140  9:22  Probe, Stargate  
  140  9:23  Zealot  
  138  9:24  Zealot  
  138  9:25  Zealot  
  138  9:27  Probe  
  129  9:37  Stalker  
  95  9:43  Zealot  
  95  9:44  Stalker  
  95  9:45  Zealot  
  98  10:00  High Templar  
  98  10:04  Adept  
  98  10:05  Stalker  
  98  10:06  Phoenix  
  106  10:07  Adept  
  108  10:15  Observer  
  108  10:20  Archon  
  109  10:24  Stalker, Sentry  
  113  10:28  Zealot  
  113  10:31  Phoenix  
  113  10:33  High Templar  
  119  10:41  Stalker  
  121  10:47  Stalker  
  121  10:49  Sentry  
  125  10:55  Zealot, Immortal  
  125  10:56  Phoenix  
  133  11:04  Zealot  
  133  11:11  Zealot, Stalker  
  137  11:14  Pylon  
  137  11:15  Zealot  
  141  11:21  Phoenix  
  141  11:22  Nexus  
  141  11:24  Immortal  
  141  11:25  Zealot  
  145  11:32  Zealot  
  147  11:35  Zealot  
  147  11:36  Zealot  
  147  11:38  Stalker  
  157  11:44  Pylon  
  157  11:46  Phoenix  
  159  11:50  Zealot  
  159  11:53  High Templar  
  161  11:57  Zealot, Immortal  
  163  12:03  Zealot  
  169  12:10  Zealot  
  171  12:18  Pylon  
  171  12:28  Zealot  
  171  12:29  Observer, Stalker  
  171  12:30  Zealot  
  171  12:32  Stalker  
  101  12:46  Phoenix, Stalker  
  101  12:48  Warp Prism  
  107  12:52  Zealot, High Templar  
  107  12:55  Sentry  
  113  13:01  Assimilator, Zealot  
  115  13:07  Assimilator  
  115  13:09  Zealot  
  115  13:10  Phoenix  
  119  13:16  Archon  
  119  13:18  Zealot  
  121  13:22  Stalker  
  121  13:24  Immortal  
  121  13:26  High Templar  
  129  13:28  Phoenix  
  129  13:29  Sentry  
  131  13:38  Stalker  
  135  13:45  Stalker  
  137  13:49  High Templar  
  137  13:50  Void Ray  
  137  13:52  Adept  
  145  13:59  Immortal  
  145  14:01  Adept  
  145  14:02  Stalker  
  153  14:14  Zealot  
  153  14:15  Zealot  
  157  14:21  Stalker  
  159  14:24  Zealot  
  161  14:32  Observer  
  161  14:33  Void Ray  
  161  14:35  Zealot  
  161  14:36  Stalker  
  169  14:44  Immortal  
  170  14:46  Stalker  
  170  14:50  Zealot  
  174  14:57  Zealot x2  
  182  15:07  Zealot  
  176  15:10  Zealot  
  176  15:12  Zealot  
  158  15:16  Phoenix  
  158  15:17  Immortal  
  158  15:18  Stalker  
  152  15:27  Stalker  
  142  15:31  Zealot  
  144  15:36  Stalker  
  144  15:39  High Templar  
  144  15:41  Void Ray  
  152  15:48  Immortal  
  152  15:53  Zealot  
  152  15:54  Zealot  
  160  16:00  High Templar  
  162  16:09  Stalker  
  162  16:10  Sentry  
  166  16:16  Archon  
  166  16:18  Zealot  
  168  16:21  Pylon  
  168  16:24  Void Ray  
  172  16:28  Observer  
  172  16:31  Pylon, Zealot  
  172  16:33  Zealot  
  172  16:36  High Templar  
  175  16:42  High Templar  
  154  16:47  Stalker  
  154  16:52  Immortal  
  130  16:54  Zealot  
  119  17:04  Zealot  
  119  17:06  Stalker  
  121  17:09  Stalker  
  121  17:10  Phoenix  
  121  17:15  Zealot  
  120  17:19  Adept  
  112  17:27  Zealot  
  91  17:30  Stalker  
  91  17:31  Immortal  
  91  17:35  Phoenix  
  91  17:36  Adept  
  94  17:39  High Templar  
  84  17:47  Zealot  
  79  17:51  Stalker  
  79  17:52  Phoenix  
  79  17:54  Sentry  
  84  18:07  Stalker  
  84  18:10  High Templar  
  84  18:12  Immortal  
  92  18:13  Adept  
  92  18:17  Stalker  
  95  18:21  Phoenix  
  95  18:23  Zealot  
  99  18:33  Adept  
  68  18:40  Zealot  
  66  18:42  Adept  
  66  18:44  Adept  
  71  18:53  High Templar  
  74  19:02  Nexus, Stalker  
  54  19:08  Probe  
  41  19:10  Probe x2  
  31  19:57  Pylon  
  30  20:11  Nexus  
  27  20:22  Nexus  
Show
View Real Time Build Order
Export as new Build Order

A.I. 4 (Hard) Zerg 

Build Orders: 1 Base Baneling Bust, Pool First 

Get SALT Encoding   

  12  0:01  Drone  
  13  0:12  Overlord  
  13  0:17  Drone  
  14  0:30  Drone  
  14  0:32  Drone  
  16  0:43  Spawning Pool  
  16  0:45  Drone  
  17  0:50  Drone  
  17  0:52  Extractor  
  17  0:55  Drone  
  17  1:06  Overlord  
  17  1:31  Zergling x2, Queen  
  20  1:37  Zergling x2  
  20  1:38  Roach Warren, Drone  
  21  1:40  Extractor  
  20  1:49  Drone  
  21  2:00  Drone  
  22  2:12  Drone  
  23  2:21  Roach  
  25  2:32  Drone  
  26  2:39  Roach, Overlord  
  28  2:45  Roach  
  30  2:57  Roach, Overlord  
  32  3:05  Roach  
  34  3:11  Roach  
  36  3:15  Drone  
  36  3:17  Roach, Baneling Nest  
  38  3:22  Roach  
  40  3:29  Overlord  
  40  3:35  Evolution Chamber  
  40  3:39  Drone  
  40  3:42  Drone  
  40  3:43  Drone  
  40  3:47  Drone  
  43  3:51  Drone  
  44  4:02  Drone  
  45  4:13  Drone  
  46  4:49  Lair, Zergling x2, Overlord  
  46  4:50  Zerg Melee Weapons Level 1  
  46  4:52  Evolution Chamber  
  46  4:53  Drone  
  46  4:55  Baneling  
  47  5:18  Zerg Ground Armor Level 1  
  47  5:29  Zergling x2  
  47  5:34  Zergling x2  
  49  5:40  Zergling x2, Overlord  
  50  5:48  Metabolic Boost  
  50  5:49  Zergling x2  
  39  5:51  Spire  
  32  6:07  Burrow  
  32  6:11  Baneling  
  32  6:12  Zergling x2  
  33  6:27  Spore Crawler  
  33  6:28  Drone  
  33  6:32  Spore Crawler  
  32  6:34  Hatchery  
  31  6:45  Zerg Missile Weapons Level 1  
  31  7:02  Spine Crawler  
  31  7:03  Mutalisk, Drone  
  33  7:09  Mutalisk  
  33  7:11  Spine Crawler  
  33  7:14  Drone  
  33  7:15  Mutalisk  
  35  7:18  Overseer  
  35  7:21  Mutalisk, Queen  
  41  7:27  Mutalisk, Overseer  
  43  7:33  Mutalisk  
  45  7:47  Drone  
  45  7:49  Drone  
  45  7:50  Hydralisk Den  
  46  7:54  Drone  
  47  7:59  Extractor  
  47  8:02  Spore Crawler, Drone  
  47  8:05  Drone  
  47  8:06  Spore Crawler  
  47  8:08  Drone  
  47  8:12  Drone  
  48  8:17  Drone  
  49  8:20  Drone  
  49  8:23  Drone  
  49  8:26  Drone  
  52  8:29  Drone  
  53  8:49  Infestation Pit  
  52  9:11  Extractor  
  51  9:27  Hive  
  51  9:29  Hydralisk  
  53  9:54  Hydralisk  
  55  10:00  Overlord  
  55  10:04  Hydralisk  
  57  10:09  Pneumatized Carapace  
  57  10:20  Overseer  
  57  10:39  Overlord  
  57  10:44  Ultralisk Cavern  
  56  11:02  Hydralisk  
  56  11:03  Overlord  
  58  11:12  Hydralisk  
  58  11:16  Drone  
  61  11:19  Drone  
  61  11:21  Hydralisk  
  61  11:23  Drone  
  65  11:30  Overlord  
  65  11:31  Ultralisk  
  71  11:34  Drone  
  71  11:38  Drone  
  73  11:40  Drone  
  73  11:41  Ultralisk  
  73  11:44  Drone  
  81  11:48  Drone  
  81  11:50  Drone  
  81  11:51  Ultralisk  
  89  11:54  Drone  
  89  11:59  Overlord  
  89  12:01  Ultralisk  
  96  12:02  Drone  
  96  12:05  Drone  
  99  12:08  Drone  
  99  12:10  Drone  
  100  12:24  Hatchery  
  100  12:28  Roach  
  101  12:35  Roach, Overlord  
  103  12:42  Roach  
  105  12:48  Infestor  
  107  12:55  Swarm Host  
  107  12:57  Overlord  
  110  13:03  Roach  
  105  13:10  Roach  
  107  13:13  Viper  
  107  13:16  Roach  
  107  13:17  Overlord  
  112  13:22  Zerg Melee Weapons Level 2  
  112  13:23  Zergling x2  
  113  13:30  Infestor  
  113  13:31  Zerg Ground Armor Level 2  
  115  13:37  Swarm Host  
  115  13:38  Drone  
  115  13:40  Drone  
  120  13:42  Drone  
  120  13:44  Drone  
  120  13:46  Drone  
  120  13:47  Drone  
  124  13:49  Drone  
  124  13:51  Drone  
  124  13:52  Drone  
  124  13:55  Drone  
  128  13:57  Drone  
  128  14:01  Overlord  
  129  14:04  Drone  
  129  14:06  Drone  
  129  14:08  Drone  
  132  14:10  Drone  
  132  14:12  Drone  
  132  14:14  Drone  
  132  14:16  Drone  
  136  14:18  Drone  
  136  14:21  Overlord  
  137  14:31  Pathogen Glands  
  137  14:34  Glial Reconstitution  
  137  14:38  Zerg Flyer Weapons Level 1  
  137  15:13  Extractor  
  136  15:17  Extractor  
  135  15:21  Chitinous Plating  
  135  15:31  Spine Crawler  
  134  15:35  Spine Crawler  
  134  15:37  Drone  
  134  15:38  Zerg Missile Weapons Level 2  
  134  15:39  Drone  
  134  15:41  Drone  
  127  15:43  Drone  
  127  15:46  Drone  
  127  15:47  Zerg Melee Weapons Level 3, Drone  
  127  15:49  Drone  
  129  15:50  Overseer  
  129  15:51  Drone  
  129  15:52  Tunneling Claws  
  129  15:54  Overlord, Drone  
  129  15:56  Drone  
  132  15:57  Drone  
  132  16:04  Drone  
  133  16:31  Queen  
  133  16:32  Zerg Flyer Armor Level 1  
  134  16:33  Overseer  
  134  16:35  Overlord  
  134  16:56  Corruptor  
  134  17:00  Overlord  
  135  17:15  Roach  
  126  17:16  Zergling x2  
  61  17:39  Roach  
  62  17:44  Roach  
  62  17:46  Overseer  
  62  17:47  Overseer  
  62  17:49  Hydralisk  
  65  17:55  Zergling x2  
  65  18:00  Infestor  
  67  18:07  Roach  
  67  18:11  Overseer  
  67  18:12  Roach  
  70  18:18  Roach  
  71  18:22  Hydralisk  
  67  18:28  Hydralisk  
  65  18:34  Infestor  
  65  18:38  Overseer  
  65  18:40  Zergling x2  
  66  18:46  Zergling x2  
  67  18:50  Zergling x2, Overlord  
  67  18:51  Overlord  
  67  19:00  Overlord  
  67  19:02  Overseer  
  63  19:06  Overseer  
  63  19:11  Overlord  
  63  19:13  Overlord  
  54  19:18  Overlord  
  54  19:20  Queen  
  54  19:21  Overlord  
  54  19:23  Hatchery, Overlord  
  41  19:46  Overlord  
  41  19:48  Spawning Pool  
Show
View Real Time Build Order
Export as new Build Order

A.I. 5 (Hard) Protoss 

Build Orders:  

Get SALT Encoding   

  12  0:01  Probe  
  13  0:13  Probe  
  14  0:22  Pylon  
  14  0:25  Probe  
  15  0:36  Probe  
  16  0:44  Probe  
  16  0:48  Assimilator  
  17  0:52  Gateway  
  17  0:53  Probe  
  18  1:01  Probe  
  18  1:04  Pylon  
  19  1:22  Probe  
  20  1:41  Zealot  
  20  1:42  Cybernetics Core  
  20  1:44  Gateway  
  22  1:49  Assimilator  
  22  2:05  Pylon  
  22  2:09  Warp Gate  
  22  2:15  Adept  
  24  2:32  Zealot  
  26  2:44  Pylon  
  26  2:45  Adept  
  28  2:59  Adept  
  30  3:15  Adept  
  32  3:25  Probe  
  33  3:29  Stalker  
  33  3:30  Pylon  
  35  3:37  Probe  
  36  3:45  Adept  
  36  3:46  Forge  
  38  3:49  Probe  
  39  4:01  Probe  
  40  4:06  Stalker  
  40  4:09  Probe  
  43  4:17  Probe  
  43  4:22  Adept  
  46  4:35  Adept  
  48  6:18  Stalker  
  48  6:19  Protoss Ground Weapons Level 1  
  48  6:22  Gateway  
  50  6:29  Zealot  
  50  6:31  Nexus, Pylon  
  52  6:36  Photon Cannon  
  52  6:39  Zealot  
  54  6:41  Photon Cannon  
  54  6:42  Robotics Facility  
  54  6:46  Stargate  
  54  6:49  Stalker  
  54  6:50  Twilight Council  
  54  6:51  Forge  
  56  6:56  Pylon  
  56  6:59  Stalker  
  58  7:09  Blink  
  58  7:12  Stalker  
  60  7:22  Pylon, Sentry  
  60  7:23  Protoss Ground Armor Level 1  
  63  7:30  Observer  
  63  7:33  Stalker  
  65  7:42  Probe  
  65  7:44  Probe  
  68  7:51  Observer  
  68  7:53  Probe  
  68  7:56  Probe  
  68  7:57  Pylon  
  70  8:03  Pylon  
  70  8:08  Probe  
  70  8:09  Probe  
  72  8:20  Probe  
  72  8:21  Probe  
  72  8:26  Photon Cannon  
  74  8:30  Photon Cannon  
  74  8:32  Probe  
  74  8:33  Probe  
  76  8:44  Probe  
  76  8:45  Probe  
  78  8:56  Probe  
  78  8:58  Probe  
  80  9:08  Assimilator  
  80  9:14  Assimilator  
  80  9:23  Stalker  
  80  9:30  Probe  
  65  9:31  Probe  
  65  9:33  Stalker  
  54  9:42  Probe, Observer  
  54  9:43  Probe, Stalker  
  52  9:53  Sentry  
  52  9:54  Probe  
  55  10:03  Zealot  
  57  10:13  Zealot  
  59  10:23  Zealot  
  61  10:33  Stalker  
  63  10:43  Stalker  
  63  10:46  Warp Prism  
  67  10:50  Adept, Gateway  
  67  10:54  Robotics Facility  
  67  10:55  Nexus  
  69  10:57  Zealot  
  69  10:59  Stargate  
  69  11:03  Adept  
  73  11:10  Adept  
  75  11:21  Immortal  
  75  11:23  Adept  
  81  11:30  Adept  
  83  11:34  Protoss Ground Armor Level 2  
  83  11:35  Protoss Ground Weapons Level 2  
  83  11:36  Adept  
  85  11:42  Observer  
  86  11:51  Warp Prism  
  86  11:53  Templar Archives, Immortal  
  88  12:03  Protoss Air Weapons Level 1, Robotics Bay  
  92  12:08  Probe  
  92  12:10  Probe  
  92  12:12  Probe  
  95  12:17  Assimilator  
  95  12:19  Pylon  
  95  12:21  Probe  
  96  12:23  Probe  
  96  12:24  Pylon  
  96  12:25  Probe  
  96  12:26  Warp Prism  
  100  12:33  Probe  
  100  12:34  Dark Shrine  
  100  12:35  Probe  
  102  12:37  Probe  
  103  12:45  Probe  
  103  12:47  Probe  
  103  12:48  Photon Cannon  
  103  12:49  Probe  
  103  12:50  Gravitic Drive  
  106  12:57  Probe  
  107  12:59  Probe  
  107  13:02  Probe  
  109  13:09  Fleet Beacon  
  109  13:26  Assimilator  
  109  13:37  Gravitic Boosters  
  109  13:51  Protoss Air Armor Level 1  
  109  14:08  Protoss Shields Level 1  
  109  14:11  Stalker  
  79  14:18  Adept  
  73  14:24  Stalker  
  73  14:30  Stalker  
  77  14:31  Protoss Ground Weapons Level 3  
  77  14:35  Adept  
  79  14:40  Stalker  
  81  14:48  Zealot  
  83  14:53  Zealot  
  83  14:55  Pylon  
  83  14:58  Sentry  
  87  15:03  Adept  
  89  15:09  Immortal  
  93  15:14  Immortal  
  93  15:19  Void Ray  
  101  15:25  Phoenix  
  103  15:30  Sentry  
  105  15:37  Adept  
  105  15:42  Adept  
  109  15:47  Adept, Disruptor  
  109  15:48  Protoss Air Weapons Level 2  
  111  15:52  Nexus  
  114  15:58  Void Ray  
  114  16:03  Phoenix  
  119  16:04  Resonating Glaives  
  119  16:08  Disruptor  
  122  16:23  Tempest  
  127  16:45  Zealot  
  129  16:48  Zealot  
  129  16:53  Stalker  
  119  16:57  Void Ray  
  98  17:01  Stalker  
  98  17:05  Stalker  
  94  17:09  Stalker  
  94  17:12  Zealot  
  95  17:16  Zealot  
  95  17:17  Probe  
  95  17:19  Assimilator  
  100  17:24  Assimilator, Probe  
  100  17:25  Immortal  
  100  17:26  Probe  
  100  17:29  Probe, Stalker  
  104  17:33  Stalker  
  104  17:36  Probe  
  90  17:37  Stalker  
  90  17:38  Probe  
  90  17:42  Assimilator, Adept  
  81  17:47  Assimilator  
  47  17:52  Stalker  
  47  17:56  Assimilator  
  47  17:57  Probe  
  46  18:05  Probe, Zealot  
  36  18:08  Zealot  
  36  18:09  Probe  
  36  18:12  Zealot  
  32  18:17  Probe  
  33  18:21  Probe  
  33  18:25  Probe  
  29  18:33  Probe x2  
  31  18:48  Probe  
  32  18:49  Probe  
  33  18:58  Nexus  
  33  18:59  Probe  
  34  19:09  Pylon  
  34  19:12  Probe  
  34  19:16  Probe  
  34  19:22  Probe  
  35  19:27  Probe  
  35  19:30  Probe  
  36  19:32  Nexus  
  36  19:38  Probe, Gateway  
  37  19:39  Probe  
  37  19:44  Pylon  
  33  19:48  Assimilator  
  33  19:50  Probe  
  33  19:51  Probe  
  33  20:02  Probe  
  33  20:03  Probe  
  32  20:16  Pylon  
  31  20:21  Probe  
  31  20:23  Forge  
  31  20:28  Gateway  
  25  20:31  Cybernetics Core  
  25  20:32  Zealot  
  25  20:34  Probe  
  21  20:40  Cybernetics Core  
  20  20:45  Probe, Pylon  
  20  20:46  Probe  
  18  20:50  Zealot  
  18  20:59  Probe  
  16  21:04  Zealot  
  16  21:07  Photon Cannon  
Tags
 
Add a new tag
Caveats
  • Supply blocks, unpowered buildings, or Contaminate may cause inaccurate times.
  • Supply counts are checked every 10 seconds.